 Dungeon Crawl Stone Soup version 0.31-a0-851-g7ff8af7976 (webtiles) character file.

Game seed: 7864560092879953906

60 pokeman the Magician (level 3, -5/20 HPs)
             Began as a Deep Elf Hedge Wizard on Oct 6, 2023.
             Killed from afar by Ijyb (13 damage)
             ... with an iceblast
             ... on level 3 of the Dungeon.
             The game lasted 00:02:50 (2565 turns).

pokeman the Magician (Deep Elf Hedge Wizard)        Turns: 2565, Time: 00:02:51

Health: -5/20      AC:  2    Str:  7    XL:     3   Next: 82%
Magic:  2/11       EV: 12    Int: 20    God:
Gold:   181        SH:  0    Dex: 14    Spells: 4/12 levels left

rFire   . . .        g - +1 dagger (holy)
rCold   . . .        (no shield)
rNeg    . . .        b - +0 robe
rPois   .            c - +0 hat
rElec   .            (no cloak)
rCorr   .            (no gloves)
SInv    .            (no boots)
Will    .....        (no amulet)
Stlth   ++           (no ring)
HPRegen 0.23/turn    (no ring)
MPRegen 0.12/turn

%: no passive effects
@: no status effects
A: no striking features
a: no special abilities


You were on level 3 of the Dungeon.
You visited 1 branch of the dungeon, and saw 3 of its levels.

You collected 181 gold pieces.

Inventory:

Hand Weapons
 g - a +1 dagger of holy wrath (weapon)
Armour
 b - a +0 robe (worn)
 c - a +0 hat (worn)
 i - the +0 robe of Leaket {Harm rPois rF-}
   (You found it on level 2 of the Dungeon)

   rF-:       It makes you vulnerable to fire.
   rPois:     It protects you from poison Harm: It increases damage dealt and
   taken.
Magical Staves
 n - a staff of earth
Wands
 j - a wand of polymorph (3)
Scrolls
 e - a scroll of amnesia {unknown}
 f - a scroll of enchant weapon {unknown}
 k - 2 scrolls of identify {unknown}
 m - a scroll of teleportation {unknown}
 p - a scroll of noise {unknown}
 q - a scroll of silence {unknown}
 r - a scroll of fear {unknown}
Potions
 a - a potion of resistance {unknown}
 d - a potion of magic
 h - 2 potions of curing {unknown}
 l - a potion of might {unknown}
 o - 2 potions of haste {unknown}


   Skills:
 - Level 1.0 Fighting
 - Level 1.0 Armour
 + Level 2.4 Dodging
 + Level 2.6 Stealth
 * Level 5.4 Spellcasting
 + Level 2.0 Conjurations
 - Level 1.1 Summonings
 - Level 1.1 Translocations


You had 4 spell levels left.
You knew the following spells:

 Your Spells              Type           Power      Damage    Failure   Level
a - Magic Dart            Conj           52%        1d5       4%          1
b - Mephitic Cloud        Conj/Pois/Air  8%         N/A       26%         3
c - Call Imp              Summ           18%        N/A       11%         2
d - Blink                 Tloc           18%        N/A       11%         2

Your spell library contained the following spells:

 Spells                   Type           Power      Damage    Failure   Level
 Apportation              Tloc           18%        N/A       7%          1
 Summon Small Mammal      Summ           36%        N/A       7%          1
 Freeze                   Ice            20%        1d4       11%         1
 Necrotise                Necr           20%        1d5       11%         1
 Slow                     Hex            20%        N/A       11%         1
 Cigotuvi's Dreadful Rot  Necr/Pois/Air  10%        N/A       17%         2
 Hailstorm                Conj/Ice       9%         3d4       22%         3
 Frozen Ramparts          Ice            10%        1d2       32%         3


Dungeon Overview and Level Annotations

Branches:
Dungeon (3/15)

Altars:

Annotations:
D:1 Scroll behind glass
D:3 Ijyb


Message History

Ijyb is engulfed in noxious fumes.
Ijyb screams, "Me give you whole level! Then you leave me be!"
Ijyb hits your cerulean imp with a +0 dagger of electrocution.
Unknown command.
Unknown command.
Your cerulean imp hits Ijyb but does no damage.
Ijyb is engulfed in noxious fumes.
Ijyb barely misses the worm.
Ijyb hits herself with a +0 dagger of electrocution.
Your magical contamination has completely faded away.
Your cerulean imp hits Ijyb with a -4 spear.
Your cerulean imp barely misses Ijyb.
Ijyb is engulfed in noxious fumes.
Ijyb screams at your cerulean imp, "Me be nice to you!
Me promise!"
Ijyb completely misses your cerulean imp.
Your cerulean imp hits Ijyb but does no damage.
Ijyb barely misses your cerulean imp.
Your cerulean imp barely misses Ijyb.
Ijyb closely misses your cerulean imp.
Your cerulean imp barely misses Ijyb.
Ijyb screams at your cerulean imp, "Me still stronger!
You very nasty!"
Your cerulean imp hits Ijyb but does no damage.
Ijyb hits your cerulean imp with a +0 dagger of electrocution.
Your cerulean imp hits Ijyb with a -4 spear.
Ijyb seems less confused.
Your cerulean imp hits Ijyb but does no damage.
Ijyb hits your cerulean imp with a +0 dagger of electrocution.
Your cerulean imp hits Ijyb but does no damage.
The worm attacks as it pursues you! The worm bites you!
* * * LOW HITPOINT WARNING * * *
Ijyb completely misses your cerulean imp.
Your cerulean imp barely misses Ijyb.
The worm attacks as it pursues you! The worm misses you.
Ijyb hits your cerulean imp with a +0 dagger of electrocution.
You see here an adder corpse.
Your cerulean imp closely misses Ijyb.
Ijyb barely misses your cerulean imp.
Your cerulean imp disappears in a puff of smoke!
Casting: Mephitic Cloud (extremely dangerous; 26% risk of failure)
Confirm with . or Enter, or press ? or * to list all spells.
A tiny devil pulls itself out of the air.
Ijyb zaps a wand.
The mass of ice explodes!
The iceblast engulfs you!
Ouch! That really hurt!
You die...

.<..# #...# ##.....## ....# #...#
#.......## . ....####...#
##..g.....## #. ....##.....#
#...#......## .. .......###.#
##...##..w...####.. .....### #.#
#...####......##... ..<...####.#
##...# ##..†...#... ..##..##.#.#
#...## ##g......(#
.###..)....###..@# ##.......# ##
#.......##..5## ##.....##
##.......##..†# ##..§.#.
##........#...## ##..##.
##.....)...#...+ ##.'..
.#........÷##.###################
.#......)......................##
.#..........#..####.#######.....#
.#..........##......#######.....#


You could see Ijyb (ally target) and a friendly cerulean imp (summoned).

Vanquished Creatures
  2 adders
  A dart slug (D:1)
  An orc (D:3)
  4 ball pythons
  5 endoplasms
  2 giant cockroaches (D:1)
  3 goblins
  7 kobolds
  2 quokkas
  2 bats
  2 frilled lizards
  8 rats
39 creatures vanquished.

Notes
Turn   | Place    | Note
-------+----------+-------------------------------------------
     0 | D:1      | pokeman the Deep Elf Hedge Wizard began the quest for the
                  | Orb.
     0 | D:1      | Reached XP level 1. HP: 10/10 MP: 7/7
   391 | D:1      | Reached XP level 2. HP: 16/16 MP: 6/9
   946 | D:1      | Reached skill level 5 in Spellcasting
  1380 | D:2      | Reached XP level 3. HP: 20/20 MP: 9/11
  1384 | D:2      | Learned a level 3 spell: Mephitic Cloud
  1387 | D:2      | Learned a level 2 spell: Call Imp
  1390 | D:2      | Learned a level 2 spell: Blink
  1420 | D:2      | Identified the +0 robe of Leaket {Harm rPois rF-}
  2147 | D:3      | Reached skill level 1 in Fighting
  2445 | D:3      | Reached skill level 1 in Armour
  2515 | D:3      | Noticed Ijyb
  2565 | D:3      | Killed from afar by Ijyb

Illustrated notes

Levels and vault maps discovered:
D:1:      minmay_arrival_five_plusses, layout_basic, minmay_misc_feat_alley,
          item_on_display_a
D:2:      layout_basic
D:3:      minmay_razor_zed, layout_rooms,
          dreamdust_ecumenical_altar_sealed_demon, dk_noncrumbling_2, uniq_ijyb

Skill      XL: |  1  2  3 |
---------------+----------+-----
Spellcasting   | 5 |  5.4
Fighting       | 1 |  1.0
Conjurations   | 2 |  2.0
Armour         | 1 |  1.0
Dodging        | |  2.4
Stealth        | |  2.6
Summonings     | |  1.1
Translocations | |  1.1

Action                     || total
---------------------------++-------
  Melee: Dagger            ||     7
   Cast: Magic Dart        ||   102
         Mephitic Cloud    ||     2
         Call Imp          ||     2
   Stab: Confused          ||     2
 Armour: Robe              ||    14
  Dodge: Dodged            ||    12

Table legend: (Time is in decaauts)
 A = Elapsed time spent in this place.
 B = Non-inter-level travel time spent in this place.
 C = Inter-level travel time spent in this place.
 D = Time resting spent in this place.
 E = Time spent auto-exploring this place.
 F = Levels seen in this place.
 G = Mean time per level.
                   A        B        C        D        E       F      G
               +--------+--------+--------+--------+--------+-----+--------+
         Total |   2564 |   2518 |     46 |      5 |   2260 |   3 |  854.7 |
       Dungeon |   2564 |   2518 |     46 |      5 |   2260 |   3 |  854.7 |
               +--------+--------+--------+--------+--------+-----+--------+

Top non-repeatable levels by time:
     D:1: 1348 daAuts
     D:2: 695 daAuts
     D:3: 519 daAuts
